 Dungeon Crawl Stone Soup version 0.28-a0-535-g6f645e4c1d (webtiles) character file.

Game seed: 13232221332471689106

39145 bande the Cleaver (level 14, -4/88 HPs)
             Began as a Gargoyle Fighter on Sept 26, 2021.
             Was the Champion of Okawaru.
             Killed by divine providence
             ... invoked by a meliai
              (14 damage)
             ... on level 5 of the Lair of Beasts.
             The game lasted 00:39:20 (22183 turns).

bande the Cleaver (Gargoyle Fighter)               Turns: 22183, Time: 00:39:21

Health: -4/88      AC: 42    Str: 21    XL:     14   Next: 5%
Magic:  20/20      EV:  6    Int: 10    God:    Okawaru [******]
Gold:   859        SH: 11    Dex: 12    Spells: 13/13 levels left

rFire   . . .      SeeInvis +   a - +1 war axe (elec)
rCold   . . .      Faith    .   i - +0 kite shield
rNeg    + . .      Spirit   .   K - +3 plate armour {rPois}
rPois   ∞          Reflect  .   o - +0 helmet {SInv}
rElec   +          Harm     .   k - +0 cloak
rCorr   +          Rampage  .   d - +2 pair of gloves
Will    +....                   I - +2 pair of boots
Stlth   ..........              (no amulet)
HPRegen 0.24/turn               j - +4 ring of protection
MPRegen 0.17/turn               s - ring of resist corrosion

@: flying
A: sickness immunity, AC +10, big wings, negative energy resistance 1,
electricity resistance, torment resistance 1, petrification resistance
a: Renounce Religion, Heroism, Finesse, Duel


You were on level 5 of the Lair of Beasts.
You worshipped Okawaru.
Okawaru was exalted by your worship.
You visited 3 branches of the dungeon, and saw 17 of its levels.
You also visited: Sewer and Ossuary.

You collected 859 gold pieces.

Inventory:

Hand Weapons
 a - a +1 war axe of electrocution (weapon)
 m - a +0 war axe
 t - a +5 mace of protection
Missiles
 f - a throwing net (quivered)
Armour
 c - a +1 buckler
 d - a +2 pair of gloves (worn)
 i - a +0 kite shield (worn)
 k - a +0 cloak (worn)
 n - a +2 hat
 o - a +0 helmet of see invisible (worn)
 I - a +2 pair of boots (worn)
 K - a +3 plate armour of poison resistance (worn)
Jewellery
 j - a +4 ring of protection (left hand)
 l - a ring of positive energy
 s - a ring of resist corrosion (right hand)
Wands
 w - a wand of mindburst (10)
 y - a wand of polymorph (11)
 D - a wand of flame (34)
 E - a wand of digging (13)
Scrolls
 r - 4 scrolls of fog
 u - a scroll of teleportation
 x - 2 scrolls of enchant weapon
 z - 3 scrolls of fear
 C - a scroll of blinking
 F - a scroll of enchant armour
 H - 5 scrolls of identify
 L - a scroll of magic mapping
Potions
 b - 2 potions of might
 e - 2 potions of invisibility
 g - 11 potions of curing
 h - a potion of mutation
 p - 8 potions of flight
 q - a potion of heal wounds
 v - 8 potions of ambrosia
 A - 3 potions of cancellation
 B - a potion of haste
 G - a potion of magic
 J - a potion of brilliance


   Skills:
 + Level 10.3 Fighting
 + Level 13.7 Axes
 + Level 11.0 Armour
 + Level 9.8 Shields
 * Level 8.4 Invocations
 * Level 7.3 Evocations


You had 13 spell levels left.
You didn't know any spells.
Your spell library contained the following spells:

 Spells                   Type           Power      Damage    Failure   Level
 Magic Dart               Conj           0%         1d3       100%        1
 Ensorcelled Hibernation  Hex/Ice        0%         N/A       100%        2
 Searing Ray              Conj           0%         2d4       100%        2
 Slow                     Hex            0%         N/A       100%        2
 Confusing Touch          Hex            0%         N/A       100%        3
 Gell's Gravitas          Tloc           0%         N/A       100%        3
 Lesser Beckoning         Tloc           0%         N/A       100%        3
 Teleport Other           Tloc           0%         N/A       100%        3
 Vampiric Draining        Necr           0%         2d6       100%        3
 Fulminant Prism          Conj/Hex       0%         3d6       100%        4
 Passage of Golubria      Tloc           N/A        N/A       100%        4
 Blade Hands              Tmut           0%         N/A       100%        5
 Silence                  Hex/Air        0%         N/A       100%        5
 Iron Shot                Conj/Erth      0%         9d1       100%        6
 Lehudib's Crystal Spear  Conj/Erth      0%         10d2      100%        8
 Tukima's Dance           Hex            Unusable   N/A       N/A         3
 Animate Armour           Summ/Erth      Unusable   N/A       N/A         4

Dungeon Overview and Level Annotations

Branches:
Dungeon (11/15)            Temple (1/1) D:7            Lair (5/6) D:11
 Shoals (0/4) Lair:3       Spider (0/4) Lair:3        Slime (0/5) Lair:5
    Orc (0/2) D:11          Sewer (visited)         Ossuary (visited)

Altars:
Ashenzari
Fedhas
Kikubaaqudgha
Makhleb
Nemelex Xobeh
Okawaru
Qazlal
Sif Muna
Uskayaw
Jiyva

Shops:
D:5 *   D:6 *

Portals:
Abyss: Lair:1

Annotations:
Lair:1 2 transporters, robertstho's ghost, journeyman DjFE


Innate Abilities, Weirdness & Mutations

You are immune to sickness and miasma.
Your stone body is resilient. (AC +10)
You are immune to poison.
Your large and strong wings let you fly.
You resist negative energy. (rN+)
You are resistant to electric shocks. (rElec)
You are resistant to unholy torment.
You are immune to petrification.


Message History

The meliai stings you but does no damage.
The meliai hits you but does no damage.
The meliai stings you but does no damage.
You block the meliai's attack. The meliai barely misses you.
The meliai calls down the wrath of its god upon you.
Something smites you! The meliai barely misses you. The meliai stings you!
You block the meliai's attack. The meliai closely misses you.
You block the meliai's attack. x2
A killer bee comes into view.
You block the meliai's attack.
The meliai stings you but does no damage.
You block the meliai's attack.
The meliai stings you but does no damage.
The killer bee barely misses you.
The meliai mumbles some strange prayers to its god against you.
Something smites you! The killer bee closely misses you.
The meliai mumbles some strange prayers to its god against you.
Something smites you! You block the killer bee's attack.
The meliai calls down the wrath of its god upon you.
Something smites you!
The killer bee stings you but does no damage.
The meliai barely misses you.
The meliai stings you but does no damage.
The killer bee stings you but does no damage.
The meliai hits you but does no damage.
The meliai stings you but does no damage.
You block the meliai's attack.
The meliai stings you but does no damage.
You block the meliai's attack. x2
The meliai invokes the aid of its god against you.
Something smites you!
* * * LOW HITPOINT WARNING * * *
The meliai invokes the aid of its god against you.
Something smites you!
* * * LOW HITPOINT WARNING * * *
You block the meliai's attack.
The meliai stings you but does no damage.
The meliai mumbles some strange prayers to its god against you.
Something smites you!
You die...

#..#.#.#......##..y###...###...##
##..#.#.#...........#..#..#..#..#
.....#.#.#.#....##....###.....#..
##....#.#.#.#....#y.#..#.....#...
##.....#.#.#.#..y.y..............
............#.##.##.##.#.##.##.##
.#...((......#.y#yy#..###..#..#..
..............##.##.##.#÷##.##.##
................@......÷......[..
......................÷......|...
..P..............................
.###..........÷..................
...)................P..##+.......
..##.P####..........P#.#..#......
....<##.#P.#.#..<..P##.##..##....
.....#P......#.....###.....##....
......P.......P....###.....##....


You could see 2 meliai.

Vanquished Creatures
  A boulder beetle (D:11)
  4 hydras
  A catoblepas (Lair:5)
  3 death yaks (Lair:5)
  Nergalle (D:11)
  Pikel (D:5)
  A deep elf pyromancer (D:10)
  A wolf spider (Lair:3)
  A manticore (Lair:5)
  2 black mambas
  2 merfolk sirens (Lair:3)
  18 elephants
  A torpor snail (Lair:5)
  4 komodo dragons
  10 cane toads
  Maggie (D:7)
  A freezing wraith (D:11)
  A queen bee (D:10)
  2 merfolk (Lair:3)
  A jumping spider (Lair:3)
  A hornet (Lair:3)
  6 polar bears
  17 blink frogs
  Sigmund (D:2)
  A vampire (D:11)
  5 wraiths
  3 redbacks (Lair:3)
  19 yaks
  A wyvern (Lair:5)
  A basilisk (Lair:5)
  An acid dragon (D:11)
  13 water moccasins
  An ice beast (D:8)
  A sky beast (D:8)
  9 orc warriors
  2 black bears
  4 ogres
  4 necrophages
  A wolf (Lair:5)
  4 centaurs
  2 phantoms
  2 lemures (D:5)
  3 kobold brigands
  12 bullfrogs
  2 gnoll sergeants
  3 scorpions
  A water moccasin zombie (D:5)
  A water moccasin skeleton (D:4)
  56 killer bees
  5 wights (D:9)
  7 howler monkeys
  2 hounds
  4 jellies
  4 centaur zombies
  7 orc priests
  3 iguanas
  12 orc wizards
  A hell rat (Lair:5)
  A hound skeleton (D:4)
  3 mummies (Ossuary)
  8 adders
  7 gnolls
  A howler monkey skeleton (D:6)
  3 river rats
  5 white imps
  An ufetubus (D:5)
  An adder skeleton (D:4)
  A worm (D:3)
  4 dart slugs
  41 orcs
  6 bats
  11 endoplasms
  A giant cockroach (D:3)
  9 goblins
  4 hobgoblins
  5 jackals
  2 quokkas
  4 ball pythons
  A frilled lizard (D:1)
  2 goblin zombies (Ossuary)
  A hobgoblin zombie (Ossuary)
  20 kobolds
  A kobold zombie (Ossuary)
  3 orc zombies (Ossuary)
  8 rats
433 creatures vanquished.

Vanquished Creatures (others)
  44 fungi
  32 plants
76 creatures vanquished.

Grand Total: 509 creatures vanquished

Notes
Turn   | Place    | Note
-------+----------+-------------------------------------------
     0 | D:1      | bande the Gargoyle Fighter began the quest for the Orb.
     0 | D:1      | Reached XP level 1. HP: 14/14 MP: 1/1
   311 | D:1      | Reached XP level 2. HP: 19/19 MP: 2/2
   440 | D:1      | Reached skill level 2 in Axes
   945 | D:1      | Reached XP level 3. HP: 24/24 MP: 3/3
   946 | D:1      | You fall into a shaft and drop 1 floor!
  1334 | D:2      | Noticed a scorpion
  1341 | D:2      | Killed a scorpion
  1342 | D:2      | Reached skill level 3 in Axes
  1342 | D:2      | Reached XP level 4. HP: 27/29 MP: 4/4
  1349 | D:2      | Noticed Sigmund
  1362 | D:2      | Killed Sigmund
  1363 | D:2      | Reached XP level 5. HP: 10/34 MP: 5/5
  1363 | D:2      | Reached XP level 6. HP: 12/39 MP: 6/6
  1846 | D:2      | Found a faded altar of an unknown god.
  2611 | D:3      | Reached skill level 4 in Axes
  2621 | D:3      | Found a glowing drain.
  2626 | Sewer    | Entered a sewer
  2860 | Sewer    | Found a white marble altar of Elyvilon.
  3616 | D:4      | Reached XP level 7. HP: 39/44 MP: 7/7
  3971 | D:4      | Reached skill level 5 in Axes
  4399 | D:4      | Reached skill level 5 in Armour
  4408 | D:4      | Reached skill level 5 in Fighting
  4733 | D:5      | Entered Level 5 of the Dungeon
  4829 | D:5      | Found Miteniw's Assorted Antiques.
  4935 | D:5      | Reached skill level 6 in Axes
  4935 | D:5      | Reached XP level 8. HP: 49/49 MP: 8/8
  5415 | D:6      | Noticed Pikel
  5486 | D:5      | Killed Pikel
  5487 | D:5      | Reached skill level 7 in Axes
  5608 | D:6      | Reached XP level 9. HP: 55/55 MP: 9/9
  5632 | D:6      | Found a shimmering blue altar of Sif Muna.
  5691 | D:6      | Reached skill level 8 in Axes
  5731 | D:6      | Reached skill level 5 in Shields
  6410 | D:6      | Found a shimmering blue altar of Sif Muna.
  6540 | D:6      | Reached skill level 9 in Axes
  6584 | D:6      | Found Cayluu Duept's Assorted Antiques.
  7130 | D:7      | Found a staircase to the Ecumenical Temple.
  7497 | D:7      | Noticed Maggie
  7507 | D:7      | Killed Maggie
  7508 | D:7      | Reached XP level 10. HP: 44/63 MP: 10/10
  7638 | D:7      | Found a sand-covered staircase.
  7702 | Ossuary  | Entered an ossuary
  8519 | Temple   | Entered the Ecumenical Temple
  8535 | Temple   | Became a worshipper of Warmaster Okawaru
  8754 | D:8      | Found a blossoming altar of Fedhas.
  8810 | D:8      | Found a viscous altar of Jiyva.
  8817 | D:8      | Reached skill level 10 in Axes
  8817 | D:8      | Reached skill level 1 in Evocations
  8964 | D:8      | Identified a scroll of acquirement
  8964 | D:8      | Acquired a +0 helmet of see invisible
  9606 | D:9      | Reached * piety under Okawaru
  9750 | D:9      | HP: 2/63 [centaur zombie (2)]
 10264 | D:9      | Reached skill level 1 in Invocations
 10640 | D:10     | Entered Level 10 of the Dungeon
 10704 | D:10     | Identified the +8 trident of Misery {vorpal, Str+9}
 10793 | D:10     | Reached ** piety under Okawaru
 10930 | D:10     | Noticed a deep elf pyromancer
 11025 | D:10     | Killed a deep elf pyromancer
 11026 | D:10     | Reached XP level 11. HP: 31/68 MP: 11/13
 11368 | D:10     | Reached skill level 11 in Axes
 11804 | D:11     | Found a staircase to the Orcish Mines.
 11880 | D:11     | Found a stormy altar of Qazlal.
 11950 | D:11     | Noticed Nergalle
 11980 | D:10     | Reached *** piety under Okawaru
 12568 | D:11     | Killed Nergalle
 12973 | D:11     | HP: 2/68 [freezing wraith (20)]
 13775 | D:11     | Reached **** piety under Okawaru
 13777 | D:11     | Noticed a boulder beetle
 14237 | D:11     | Killed a boulder beetle
 14462 | D:11     | Found a staircase to the Lair.
 14680 | Lair:1   | Entered Level 1 of the Lair of Beasts
 15037 | Lair:1   | Found a transporter.
 15051 | Lair:1   | Found a one-way gate to the infinite horrors of the Abyss.
 15051 | Lair:1   | Noticed robertstho's ghost (journeyman DjFE)
 15061 | Lair:1   | Noticed a large abomination
 15068 | Lair:1   | Noticed a glowing orange brain
 15084 | Lair:1   | Noticed a brown ugly thing
 15084 | Lair:1   | Noticed a cyan ugly thing
 15084 | Lair:1   | Noticed a white ugly thing
 15085 | Lair:1   | Noticed a spriggan rider
 15154 | Lair:1   | Reached ***** piety under Okawaru
 15292 | Lair:1   | Reached skill level 12 in Axes
 15292 | Lair:1   | Reached skill level 5 in Invocations
 15292 | Lair:1   | Reached XP level 12. HP: 64/75 MP: 15/15
 15608 | Lair:1   | Found a transporter.
 15978 | Lair:2   | Reached skill level 5 in Evocations
 16186 | Lair:2   | Received a gift from Okawaru
 16387 | Lair:2   | Noticed a six-headed hydra
 16440 | Lair:1   | HP: 3/76 [seven-headed hydra (4)]
 16444 | Lair:1   | Killed a seven-headed hydra
 17269 | Lair:3   | Noticed an eight-headed hydra
 17284 | Lair:3   | Killed an eight-headed hydra
 17851 | Lair:3   | Found a hole to the Spider Nest.
 18257 | Lair:3   | Reached XP level 13. HP: 53/80 MP: 18/18
 18259 | Lair:3   | Reached skill level 10 in Armour
 18465 | Lair:3   | Reached skill level 13 in Axes
 18765 | Lair:3   | Found a staircase to the Shoals.
 19605 | Lair:4   | Reached ****** piety under Okawaru
 19768 | Lair:4   | Identified the +1 ring mail "Xidawkad" {rN+ Stlth+}
                  | (Okawaru gifted it to you on level 4 of the Lair of Beasts)
 19768 | Lair:4   | Received a gift from Okawaru
 20759 | Lair:5   | Found a staircase to the Slime Pits.
 20759 | Lair:5   | Found a viscous altar of Jiyva.
 21027 | Lair:5   | Reached skill level 10 in Fighting
 21841 | Lair:5   | Gained mutation: Your large and strong wings let you fly.
                  | [Gargoyle growth]
 21841 | Lair:5   | Reached XP level 14. HP: 71/88 MP: 20/20
 22183 | Lair:5   | Killed from afar by a meliai

Illustrated notes

Levels and vault maps discovered:
D:1:      lightli_arrival_maybe_door_vault, layout_loops_ring
D:2:      layout_loops_corners, chequers_ecumenical_altar_island,
          small_statue_intersection, uniq_sigmund
D:3:      layout_basic, gup_sewer_entry_bowl, st_stairs_10, minivault_23
D:4:      layout_gridville, minivault_24, minmay_curled_crystal,
          minmay_quantized
D:5:      layout_rooms, serial_shops, kennysheep_little_box, item_on_display_a
D:6:      minmay_octagon_keep, layout_basic, hangedman_feature_mirror,
          nicolae_take_the_stairs, kennysheep_generic_room_9, uniq_pikel
D:7:      layout_basic, minmay_temple_entry_water_ring,
          nicolae_ossuary_entry_false_entrances, hangedman_abyss_or_decor_stabs,
          uniq_maggie
D:8:      layout_cave_pods, lemuel_doored_altar, chequers_decorated_corner,
          jiyva_altar_1
D:9:      layout_cave_pools
D:10:     layout_roguey
D:11:     layout_roguey [special_room_bee], grunt_lair_entry_orc_guard_hut,
          orc_0_dummy, grunt_qazlal_sundering, uniq_nergalle
Temple:   regret_index_temple_sigil_plot
Lair:1:   layout_chaotic_city, gammafunk_ghost_abyssal_escape
Lair:2:   layout_roguey, st_stairs_12, eino_small_chamber_without_monster
Lair:3:   layout_long_grid, elwin_shoals_entry_stream,
          spider_nest_entry_funnel_web, infiniplex_staircase_pool,
          lemuel_fruit_fields
Lair:4:   layout_cave_shapes, serial_rivers, chequers_serial_rivers_micro_e,
          chequers_serial_rivers_marsh, chequers_serial_rivers_small_b,
          chequers_serial_rivers_small_a, chequers_serial_rivers_small_a,
          chequers_serial_rivers_micro_a, beast_lair_carwin_7
Lair:5:   hangedman_what_comes_after_a, layout_regular_city, slime_altar_1

Skill      XL: |  1  2  3  4  5  6  7  8  9 10 11 12 13 |
---------------+----------------------------------------+-----
Axes           | 2 3 4 6 7 9 10 12 13 | 13.7
Fighting       | 4 5 6 7 8 9 10 | 10.3
Armour         | 4 5 6 7 8 9 11 | 11.0
Shields        | 4 5 6 7 8 9 |  9.8
Evocations     | 3 4 6 7 |  7.3
Invocations    | 2 5 6 8 |  8.4

Action                   |  1- 3 |  4- 6 |  7- 9 | 10-12 | 13-15 || total
-------------------------+-------+-------+-------+-------+-------++-------
Melee: War axe           |    91 |   113 |   255 |   884 |   421 ||  1764
       Mace              |       |       |       |    21 |    18 ||    39
Invok: Heroism           |       |       |       |     2 |       ||     2
  Use: Potion            |       |     1 |     1 |     5 |     1 ||     8
       Scroll            |       |     5 |     6 |    12 |     2 ||    25
Armor: Scale mail        |    57 |    51 |       |       |       ||   108
       Chain mail        |       |     8 |   194 |    24 |       ||   226
       Plate armour      |       |       |       |   962 |   439 ||  1401
Dodge: Dodged            |    65 |    54 |   104 |   355 |   117 ||   695
Block: Buckler           |    27 |    41 |    64 |   294 |       ||   426
       Kite shield       |       |       |       |   165 |   343 ||   508

Table legend: (Time is in decaauts)
 A = Elapsed time spent in this place.
 B = Non-inter-level travel time spent in this place.
 C = Inter-level travel time spent in this place.
 D = Time resting spent in this place.
 E = Time spent auto-exploring this place.
 F = Levels seen in this place.
 G = Mean time per level.
                   A        B        C        D        E       F      G
               +--------+--------+--------+--------+--------+-----+--------+
         Total |  22366 |  21845 |    521 |   6309 |  10828 |  19 | 1177.2 |
       Dungeon |  14462 |  13953 |    509 |   3882 |   7232 |  11 | 1314.7 |
        Temple |     31 |     19 |     12 |      0 |      9 |   1 |   31.0 |
          Lair |   7295 |   7295 |      0 |   2427 |   3232 |   5 | 1459.0 |
         Sewer |    377 |    377 |      0 |      0 |    252 |   1 |  377.0 |
       Ossuary |    200 |    200 |      0 |      0 |    102 |   1 |  200.0 |
               +--------+--------+--------+--------+--------+-----+--------+

Top non-repeatable levels by time:
    D:10: 2228 daAuts
  Lair:3: 2027 daAuts
    D:11: 1961 daAuts
  Lair:4: 1755 daAuts
  Lair:1: 1573 daAuts
     D:6: 1552 daAuts
     D:7: 1394 daAuts
     D:1: 1203 daAuts
     D:4: 1161 daAuts
     D:9: 1119 daAuts
     D:3: 1095 daAuts
     D:2: 1036 daAuts
  Lair:5: 996 daAuts
  Lair:2: 942 daAuts
     D:8: 860 daAuts
